 Dungeon Crawl Stone Soup version 0.29.0-4-gdea44cf6ec (webtiles) character file.

Game seed: 13091785014678762486

133 qw the Ruffian (level 4, -22/44 HPs)
             Began as a Troll Cinder Acolyte on Aug 31, 2022.
             Was a High Priest of Ignis.
             Annihilated by a two-headed ogre
             ... wielding a +0 dire flail
              (24 damage)
             ... on level 4 of the Dungeon.
             The game lasted 00:01:12 (2436 turns).

qw the Ruffian (Troll Cinder Acolyte)               Turns: 2436, Time: 00:01:12

Health: -22/44     AC:  4    Str: 24    XL:     4   Next: 93%
Magic:  4/4        EV:  9    Int: 10    God:    Ignis [*****.]
Gold:   73         SH:  0    Dex:  5    Spells: 5/5 levels left

rFire   + . .      SeeInvis .     - Unarmed
rCold   . . .      Faith    .   (no shield)
rNeg    . . .      Spirit   .   a - +0 robe
rPois   .          Reflect  .   (helmet restricted)
rElec   .          Harm     .   (no cloak)
rCorr   .          Rampage  .   (gloves unavailable)
Will    .....                   (boots unavailable)
Stlth   +.........              (no amulet)
HPRegen 0.94/turn               (no ring)
MPRegen 0.09/turn               (no ring)

@: about to teleport
A: large, unfitting armour, claws 3, regeneration 1, shaggy fur 1, tough skin 1
a: Renounce Religion, Fiery Armour, Foxfire Swarm, Rising Flame


You were on level 4 of the Dungeon.
You worshipped Ignis.
Ignis was extremely pleased with you.
You visited 1 branch of the dungeon, and saw 4 of its levels.

You collected 73 gold pieces.


Innate Abilities, Weirdness & Mutations

You are too large for most types of armour.
You have claws for hands.
Your natural rate of healing is unusually fast.
You are covered in fur. (AC +1)
You have tough skin. (AC +1)


   Skills:
 - Level 2.4 Fighting
 + Level 5.7 Unarmed Combat
 - Level 1.0 Spellcasting
 - Level 2.1 Fire Magic


You had 5 spell levels left.
You didn't know any spells.
Your spell library contained the following spells:

 Spells                   Type           Power      Damage    Failure   Level
 Scorch                   Fire           8%         2d5       22%         2

Inventory:

Missiles
 i - 4 boomerangs (quivered)
Armour
 a - a +0 robe (worn)
Jewellery
 e - a ring of fire
Scrolls
 c - 3 scrolls of teleportation
 f - 2 scrolls of identify
 g - a scroll of enchant armour
Potions
 b - 2 potions of curing
 d - a potion of degeneration {unknown}
 h - a potion of heal wounds
 j - a potion of haste
 k - a potion of might
 l - a potion of flight {unknown}

Dungeon Overview and Level Annotations

Branches:
Dungeon (4/15)
 Temple: D:4-7

Altars:
Gozag


Message History

Throw: 4 boomerangs
Press: ? - help, Q - select action Shift-Dir - straight line, f - endoplasm You throw a boomerang.
The boomerang hits the endoplasm!
You kill the endoplasm!
d - a brown potion
Found a stone staircase leading down.
You feel a little less mighty now.
There is a stone staircase leading down here.
There is a stone staircase leading down here.
l - a dark potion
Enter note:
Found a stone staircase leading down.
Enter note:
There is a stone staircase leading down here.
A two-headed ogre comes into view.
It is wielding a +0 dire flail and a +0 giant club.
Found a scroll labelled KIASOE KIALEFF.
The two-headed ogre shouts in stereo!
You hear a shout!
A goblin comes into view. It is wielding a +0 club.
Enter note: Throw: 4 boomerangs
Press: ? - help, Q - select action Shift-Dir - straight line, f - goblin You throw a boomerang.
The boomerang closely misses the goblin.
You mangle the goblin!!
You kill the goblin!
Throw: 4 boomerangs
Press: ? - help, Q - select action Shift-Dir - straight line, f - two-headed ogre You throw a boomerang.
The boomerang closely misses the two-headed ogre.
You scratch the two-headed ogre.
The two-headed ogre is lightly wounded.
The two-headed ogre hits you with a +0 dire flail!!
The two-headed ogre hits you with a +0 giant club!!
Ouch! That really hurt!
2436 ||| READING 4 scrolls of teleportation.
As you read the scroll of teleportation, it crumbles to dust.
You feel strangely unstable.
The two-headed ogre hits you with a +0 dire flail!!
Ouch! That really hurt!
You die...

# #. #####.###
?.....).#########
......O@........#
#####.#.#######.#
.. #.# #.# ## #.#
#.# #.# #.# #.#
#.# #.# #.# #.#
#.# #.#


You could see a two-headed ogre.

Vanquished Creatures
  4 gnolls (D:2)
  3 adders
  2 worms
  A ball python (D:2)
  6 endoplasms
  A giant cockroach (D:3)
  6 goblins
  3 hobgoblins
  10 jackals
  5 kobolds
  5 quokkas
  4 bats
  4 frilled lizards (D:1)
  6 rats
60 creatures vanquished.

Notes
Turn   | Place    | Note
-------+----------+-------------------------------------------
     0 | D:1      | qw the Troll Cinder Acolyte began the quest for the Orb.
     0 | D:1      | Reached XP level 1. HP: 22/22 MP: 1/1
     0 | D:1      | 0 ||| qw: Version: 0.1-a-97-g2dd2ca4
     0 | D:1      | 0 ||| qw: Game counter: 4601
     0 | D:1      | 0 ||| qw: Always use a shield: true
     0 | D:1      | 0 ||| qw: God list: Okawaru
     0 | D:1      | 0 ||| qw: Allow faded altars: false
     0 | D:1      | 0 ||| qw: Do Orc after D:15 true
     0 | D:1      | 0 ||| qw: Do second Lair branch before Depths: true
     0 | D:1      | 0 ||| qw: Lair rune preference: random
     0 | D:1      | 0 ||| qw: Plans: Normal
     0 | D:1      | 0 ||| PLANNING D:1-11
   153 | D:1      | 153 ||| Stepping ~*~*~tactically~*~*~ (stealth).
   160 | D:1      | 160 ||| Stepping ~*~*~tactically~*~*~ (outnumbered).
   248 | D:1      | Reached XP level 2. HP: 23/29 MP: 2/2
   405 | D:1      | 405 ||| Stepping ~*~*~tactically~*~*~ (outnumbered).
   421 | D:1      | Reached skill level 4 in Unarmed Combat
   666 | D:1      | 666 ||| READING 2 scrolls labelled VUDI GIAPP.
   670 | D:1      | 670 ||| READING scroll labelled ZECSEI SENAOWN.
   671 | D:1      | 671 ||| READING scroll labelled GUEC USHEEPHOE.
   672 | D:1      | 672 ||| READING scroll labelled VOETOSOEZE.
   722 | D:2      | 722 ||| INVOKING Fiery Armour.
   728 | D:2      | 728 ||| Stepping ~*~*~tactically~*~*~ (outnumbered).
   734 | D:2      | Reached XP level 3. HP: 36/36 MP: 3/3
   758 | D:2      | 758 ||| Stepping ~*~*~tactically~*~*~ (stealth).
   864 | D:2      | Reached XP level 4. HP: 43/44 MP: 4/4
   961 | D:2      | Found an opulent altar of Gozag.
   992 | D:2      | Reached skill level 5 in Unarmed Combat
  1178 | D:2      | 1178 ||| FLEEEEING.
  1348 | D:2      | Found a faded altar of an unknown god.
  1349 | D:2      | 1349 ||| READING scroll labelled SOJOIL IZ SEPNAEVA.
  1371 | D:2      | 1371 ||| DRINKING 2 coppery potions.
  1372 | D:2      | 1372 ||| READING 4 scrolls of identify.
  1372 | D:2      | 1372 ||| IDENTIFYING fizzy purple potion
  1373 | D:2      | 1373 ||| READING 3 scrolls of identify.
  1373 | D:2      | 1373 ||| IDENTIFYING fizzy amethyst potion
  1374 | D:2      | 1374 ||| READING 2 scrolls of identify.
  1374 | D:2      | 1374 ||| IDENTIFYING sedimented purple potion
  1375 | D:2      | 1375 ||| DROPPING potion of invisibility.
  1376 | D:2      | 1376 ||| DROPPING potion of lignification.
  1394 | D:3      | 1394 ||| PLANNING SEWER
  2002 | D:3      | 2002 ||| RIP SEWER
  2111 | D:3      | 2111 ||| PLANNING D:1-11
  2261 | D:3      | 2261 ||| READING 2 scrolls labelled MUMAUC BANIMUH.
  2262 | D:3      | 2262 ||| READING scroll labelled GEAJAE VELOERPH.
  2263 | D:3      | 2263 ||| READING scroll labelled SOIMOIWASU.
  2264 | D:3      | 2264 ||| DRINKING 2 bubbling white potions.
  2265 | D:3      | 2265 ||| DRINKING 2 fizzy puce potions.
  2266 | D:3      | 2266 ||| READING 5 scrolls of teleportation.
  2429 | D:4      | Noticed a two-headed ogre
  2435 | D:4      | HP: 1/44 [two-headed ogre/+0 dire flail (24)]
  2436 | D:4      | 2436 ||| READING 4 scrolls of teleportation.
  2436 | D:4      | Annihilated by a two-headed ogre

Levels and vault maps discovered:
D:1:      scummos_arrival_gate, layout_loops_ring
D:2:      layout_rooms, basic_altar, shapermc_ecumenical_altar_mp_vishouse,
          amcnicky_mini_rare_corridor_liquid, minmay_misc_feat_four_crosses,
          minmay_misc_feat_room
D:3:      layout_basic, gup_sewer_entry_spiral
D:4:      layout_loops_ring, minmay_temple_entry_antechambers

Skill      XL: |  1  2  3  4 |
---------------+-------------+-----
Unarmed Combat | 4 5 |  5.7
Fighting       | |  2.4
Spellcasting   | |  1.0
Fire Magic     | |  2.1

Action                   |  1- 3 |  4- 6 || total
-------------------------+-------+-------++-------
Melee: Unarmed           |    92 |    62 ||   154
       Punch             |       |     1 ||     1
Throw: Boomerang         |       |    35 ||    35
Invok: Fiery Armour      |     1 |       ||     1
  Use: Scroll            |     4 |     9 ||    13
       Potion            |       |     3 ||     3
Armor: Robe              |    32 |    26 ||    58
Dodge: Dodged            |    39 |    27 ||    66

Table legend:
 A = Non-vault XP
 B = Vault XP
 C = Vault XP percentage of total XP
 D = Non-vault monster count
 E = Vault monster count
 F = Vault count percentage of total count
                 A         B        C        D         E       F
            +---------+---------+-------+---------+---------+-------
      Total |     174 |      16 |   8.4 |      53 |       7 |  11.7
            +---------+---------+-------+---------+---------+-------
        D:1 |      31 |       0 |   0.0 |      19 |       0 |   0.0
        D:2 |     119 |       0 |   0.0 |      26 |       0 |   0.0
        D:3 |      20 |      16 |  44.4 |       6 |       7 |  53.8
        D:4 |       4 |       0 |   0.0 |       2 |       0 |   0.0
            +---------+---------+-------+---------+---------+-------
